| TOP OF THE 1ST |
|
Bristol Bees batting - Pitching for Covington Blue Sox : RHP Javier Landeros
|
|
Pitching: RHP Javier Landeros
|
|
|
Batting: RHB Tracy Jones
|
0-0: Fly out, F8 (Line Drive, 8RM, EV 92.5 MPH)
|
|
Batting: RHB Timothy Utecht
|
0-0: Foul Ball, location: 2F 0-1: Ball 1-1: SINGLE (Groundball, 6MD, EV 102.5 MPH)
|
|
Batting: LHB Joe Orsulak
|
0-0: Fly out, F9 (Flyball, 89S, EV 94.4 MPH)
|
|
Batting: SHB Dale Sveum
|
0-0: Ball 1-0: Fly out, F4 (Popup, 4D, EV 43.1 MPH)
|
| Top of the 1st over - 0 runs, 1 hit, 0 errors, 1 left on base; Bristol 0 - Covington 0 |
| BOTTOM OF THE 1ST |
|
Covington Blue Sox batting - Pitching for Bristol Bees : RHP Jack Hein
|
|
Pitching: RHP Jack Hein
|
|
|
Batting: RHB Douglas Palmer
|
0-0: Ball 1-0: Called Strike 1-1: Ball 2-1: Swinging Strike 2-2: Ball 3-2: Foul Ball, location: 2F 3-2: Base on Balls
|
|
Batting: RHB John Halasz
|
0-0: Ball 1-0: Ball 2-0: Called Strike 2-1: Foul Ball, location: 2F 2-2: Single, Error in OF, E7, batter to second base (Line Drive, 7S, EV 109.4 MPH) Douglas Palmer to third
|
|
Batting: LHB Tito Nanni
|
0-0: Fly out, F7 (Flyball, 7LM, EV 84.4 MPH) Runner from 3rd tags up, SCORES, throw by LF
|
|
Batting: RHB Francisco Batista
|
0-0: Called Strike 0-1: Ground out 4-3 (Groundball, 4, EV 81.9 MPH) John Halasz to third
|
|
Batting: RHB Reginald Dewar
|
0-0: Ground out 4-3 (Groundball, 4, EV 98.1 MPH)
|
| Bottom of the 1st over - 1 run, 1 hit, 1 error, 1 left on base; Bristol 0 - Covington 1 |
| TOP OF THE 2ND |
|
Bristol Bees batting - Pitching for Covington Blue Sox : RHP Javier Landeros
|
|
Batting: RHB Jerome Kovar
|
0-0: Called Strike 0-1: Foul Ball, location: 2F 0-2: Ball 1-2: Ball 2-2: Ball 3-2: Base on Balls
|
|
Batting: SHB Bernie Tatis
|
0-0: Ball 1-0: Ball 2-0: Called Strike 2-1: Foul Ball, location: 2F 2-2: Foul Ball, location: 2F 2-2: Foul Ball, location: 2F 2-2: Strikes out swinging
|
|
Batting: RHB Glenallen Hill
|
0-0: Called Strike 0-1: Ball 1-1: Ball 2-1: Foul Ball, location: 2F 2-2: Fly out, F7 (Flyball, 7, EV 88.8 MPH)
|
|
Batting: RHB Juan Burgos
|
0-0: Ball 1-0: Fielders Choice at 2nd, 6-4 (Groundball, 6, EV 83.8 MPH)
|
| Top of the 2nd over - 0 runs, 0 hits, 0 errors, 1 left on base; Bristol 0 - Covington 1 |
| BOTTOM OF THE 2ND |
|
Covington Blue Sox batting - Pitching for Bristol Bees : RHP Jack Hein
|
|
Batting: RHB Joseph Tarver
|
0-0: Ball 1-0: Ball 2-0: Called Strike 2-1: Foul Ball, location: 2F 2-2: Strikes out swinging
|
|
Batting: RHB Kenneth Bodle
|
0-0: Called Strike 0-1: Foul Ball, location: 2F 0-2: Fly out, F4 (Popup, 23, EV 87.5 MPH)
|
|
Batting: RHB Salvatore Favata
|
0-0: Ball 1-0: Ball 2-0: Foul Ball, location: 2F 2-1: Foul Ball, location: 2F 2-2: Foul Ball, location: 2F 2-2: Strikes out swinging
|
| Bottom of the 2nd over - 0 runs, 0 hits, 0 errors, 0 left on base; Bristol 0 - Covington 1 |
| TOP OF THE 3RD |
|
Bristol Bees batting - Pitching for Covington Blue Sox : RHP Javier Landeros
|
|
Batting: SHB Stan Jefferson
|
0-0: Ball 1-0: Ball 2-0: Ball 3-0: Base on Balls
|
|
Batting: RHB Tracy Jones
|
0-0: Called Strike 0-1: Ball 1-1: Swinging Strike 1-2: Foul Ball, location: 2F 1-2: SINGLE (Line Drive, 9S, EV 104.4 MPH) Stan Jefferson to second Stan Jefferson to third
|
|
Batting: RHB Timothy Utecht
|
0-0: Reached on error, E6 (Groundball, 6, EV 79.4 MPH) Stan Jefferson scores Tracy Jones to second
|
|
Batting: LHB Joe Orsulak
|
0-0: Ball 1-0: SINGLE (Line Drive, 78M, EV 106.9 MPH) Tracy Jones to third Timothy Utecht to second
|
|
Batting: SHB Dale Sveum
|
0-0: Ball 1-0: Foul Ball, location: 2F 1-1: Ball 2-1: Ball 3-1: SINGLE (Flyball, 34D, EV 85.6 MPH) Tracy Jones scores Timothy Utecht to third Joe Orsulak to second
|
|
Batting: RHB Jerome Kovar
|
0-0: Called Strike 0-1: Swinging Strike 0-2: Fly out, F8 (Flyball, 78S, EV 91.9 MPH)
|
|
Batting: SHB Bernie Tatis
|
0-0: Fly out, F7 (Flyball, 7LD, EV 81.9 MPH) Runner from 3rd tags up, SCORES, no throw by LF Joe Orsulak to third
|
|
Batting: RHB Glenallen Hill
|
0-0: Called Strike 0-1: Ball 1-1: Foul Ball, location: 2F 1-2: Strikes out swinging
|
| Top of the 3rd over - 3 runs, 3 hits, 1 error, 2 left on base; Bristol 3 - Covington 1 |
| BOTTOM OF THE 3RD |
|
Covington Blue Sox batting - Pitching for Bristol Bees : RHP Jack Hein
|
|
Batting: LHB Scott Hood
|
0-0: Swinging Strike 0-1: Ball 1-1: Swinging Strike 1-2: Ball 2-2: Strikes out swinging
|
|
Batting: RHB Douglas Palmer
|
0-0: Called Strike 0-1: Called Strike 0-2: Ball 1-2: Ball 2-2: Foul Ball, location: 2F 2-2: Foul Ball, location: 2F 2-2: Ball 3-2: Base on Balls
|
|
Batting: RHB John Halasz
|
0-0: Ball 1-0: Ball Douglas Palmer steals 2nd, throwing error, E2 Douglas Palmer to third 2-0: Foul Ball, location: 2F 2-1: 2-RUN HOME RUN (Flyball, 7D, EV 101.3 MPH), Distance : 376 ft
|
|
Batting: LHB Tito Nanni
|
0-0: Foul Ball, location: 2F 0-1: Ball 1-1: Ground out 5-3 (Groundball, 5, EV 96.3 MPH)
|
|
Batting: RHB Francisco Batista
|
0-0: Ground out 6-3 (Groundball, 6M, EV 86.3 MPH)
|
| Bottom of the 3rd over - 2 runs, 1 hit, 1 error, 0 left on base; Bristol 3 - Covington 3 |
| TOP OF THE 4TH |
|
Bristol Bees batting - Pitching for Covington Blue Sox : RHP Javier Landeros
|
|
Batting: RHB Juan Burgos
|
0-0: Swinging Strike 0-1: Fly out, F7 (Line Drive, 7, EV 98.1 MPH)
|
|
Batting: SHB Stan Jefferson
|
0-0: Called Strike 0-1: Fly out, F9 (Flyball, 89S, EV 83.1 MPH)
|
|
Batting: RHB Tracy Jones
|
0-0: SINGLE (Flyball, 56D, EV 85.0 MPH)
|
|
Batting: RHB Timothy Utecht
|
0-0: Ball 1-0: Ball 2-0: Foul Ball, location: 2F 2-1: Swinging Strike 2-2: Strikes out looking
|
| Top of the 4th over - 0 runs, 1 hit, 0 errors, 1 left on base; Bristol 3 - Covington 3 |
| BOTTOM OF THE 4TH |
|
Covington Blue Sox batting - Pitching for Bristol Bees : RHP Jack Hein
|
|
Batting: RHB Reginald Dewar
|
0-0: Called Strike 0-1: Called Strike 0-2: Ball 1-2: Ball 2-2: Ball 3-2: Ground out 4-3 (Groundball, 4M, EV 83.8 MPH)
|
|
Batting: RHB Joseph Tarver
|
0-0: Foul Ball, location: 2F 0-1: Ball 1-1: Fly out, F1 (Popup, P, EV 78.8 MPH)
|
|
Batting: RHB Kenneth Bodle
|
0-0: Called Strike 0-1: Ball 1-1: Ball 2-1: Foul Ball, location: 2F 2-2: Ball 3-2: Base on Balls
|
|
Batting: RHB Salvatore Favata
|
0-0: Called Strike 0-1: Ball 1-1: Ball 2-1: Fly out, F6 (Flyball, 5D, EV 91.3 MPH)
|
| Bottom of the 4th over - 0 runs, 0 hits, 0 errors, 1 left on base; Bristol 3 - Covington 3 |
| TOP OF THE 5TH |
|
Bristol Bees batting - Pitching for Covington Blue Sox : RHP Javier Landeros
|
|
Batting: LHB Joe Orsulak
|
0-0: Ball 1-0: Ball 2-0: Foul Ball, location: 2F 2-1: Ball 3-1: Foul Ball, location: 2F 3-2: Base on Balls
|
|
Batting: SHB Dale Sveum
|
0-0: Ball Joe Orsulak steals 2nd base 1-0: SINGLE (Groundball, 34D, EV 105.0 MPH) Joe Orsulak to third Runner from 3rd tries for Home, SAFE, throw by RF to home
|
|
Batting: RHB Jerome Kovar
|
0-0: Swinging Strike 0-1: Ball 1-1: Ball 2-1: Foul Ball, location: 2F 2-2: Foul Ball, location: 2F 2-2: Foul Ball, location: 2F 2-2: Ball 3-2: Fly out, F6 (Popup, 6M, EV 56.9 MPH)
|
|
Batting: SHB Bernie Tatis
|
0-0: Ball Dale Sveum is caught stealing 2nd base 2-6 1-0: Ball 2-0: Called Strike 2-1: Ball 3-1: Base on Balls
|
|
Batting: RHB Glenallen Hill
|
0-0: Called Strike Bernie Tatis steals 2nd base 0-1: Ground out 5-3 (Groundball, 56S, EV 87.5 MPH)
|
| Top of the 5th over - 1 run, 1 hit, 0 errors, 1 left on base; Bristol 4 - Covington 3 |
| BOTTOM OF THE 5TH |
|
Covington Blue Sox batting - Pitching for Bristol Bees : RHP Jack Hein
|
|
Batting: LHB Scott Hood
|
0-0: Ground out U3 (Groundball, 3, EV 103.8 MPH)
|
|
Batting: RHB Douglas Palmer
|
0-0: Foul Ball, location: 2F 0-1: Ground out U3 (Groundball, 3, EV 93.1 MPH)
|
|
Batting: RHB John Halasz
|
0-0: Ball 1-0: Foul Ball, location: 2F 1-1: Ball 2-1: Foul Ball, location: 2F 2-2: Foul Ball, location: 2F 2-2: Foul Ball, location: 2F 2-2: Foul Ball, location: 2F 2-2: Fly out, F9 (Flyball, 89M, EV 88.8 MPH)
|
| Bottom of the 5th over - 0 runs, 0 hits, 0 errors, 0 left on base; Bristol 4 - Covington 3 |
| TOP OF THE 6TH |
|
Bristol Bees batting - Pitching for Covington Blue Sox : RHP Javier Landeros
|
|
Batting: RHB Juan Burgos
|
0-0: Ball 1-0: Ball 2-0: Called Strike 2-1: SINGLE (Groundball, 4D, EV 95.0 MPH)
|
|
Batting: SHB Stan Jefferson
|
0-0: Called Strike 0-1: Ball 1-1: Ball 2-1: Ball 3-1: Called Strike 3-2: SINGLE (Line Drive, 8LS, EV 103.8 MPH) Juan Burgos to second Runner from 2nd tries for 3rd, SAFE, throw by CF made to third
|
|
Batting: RHB Tracy Jones
|
0-0: Ball 1-0: Ball Stan Jefferson steals 2nd base 2-0: Called Strike 2-1: Foul Ball, location: 2F 2-2: Ground out 4-3 (Groundball, 4, EV 95.0 MPH)
|
|
Batting: RHB Timothy Utecht
|
0-0: Called Strike 0-1: Ball 1-1: Foul Ball, location: 2F 1-2: Fly out, F9 (Flyball, 89M, EV 74.4 MPH) Runner from 3rd tags up, SCORES, no throw by RF
|
|
Batting: LHB Joe Orsulak
|
0-0: Ball 1-0: Ball 2-0: Swinging Strike 2-1: Fly out, F8 (Line Drive, 8LM, EV 102.5 MPH)
|
| Top of the 6th over - 1 run, 2 hits, 0 errors, 1 left on base; Bristol 5 - Covington 3 |
| BOTTOM OF THE 6TH |
|
Covington Blue Sox batting - Pitching for Bristol Bees : RHP Jack Hein
|
|
Batting: LHB Tito Nanni
|
0-0: Called Strike 0-1: Ball 1-1: Ground out U3 (Groundball, 23, EV 91.9 MPH)
|
|
Batting: RHB Francisco Batista
|
0-0: Ball 1-0: Ball 2-0: Called Strike 2-1: Foul Ball, location: 2F 2-2: Foul Ball, location: 2F 2-2: Fly out, F9 (Line Drive, 9, EV 106.3 MPH)
|
|
Batting: RHB Reginald Dewar
|
0-0: Swinging Strike 0-1: Ball 1-1: Ball 2-1: DOUBLE (Flyball, 78XD, EV 101.3 MPH)
|
|
Batting: RHB Joseph Tarver
|
0-0: Swinging Strike 0-1: Ball 1-1: Swinging Strike 1-2: Ball 2-2: Foul Ball, location: 2F 2-2: Ground out 6-3 (Groundball, 6MD, EV 98.1 MPH)
|
| Bottom of the 6th over - 0 runs, 1 hit, 0 errors, 1 left on base; Bristol 5 - Covington 3 |
| TOP OF THE 7TH |
|
Bristol Bees batting - Pitching for Covington Blue Sox : RHP Javier Landeros
|
|
Batting: SHB Dale Sveum
|
0-0: Fly out, F8 (Flyball, 8LD, EV 96.3 MPH)
|
|
Batting: RHB Jerome Kovar
|
0-0: Ball 1-0: Called Strike 1-1: Ball 2-1: Fly out, F3 (Popup, 34S, EV 77.5 MPH)
|
|
Batting: SHB Bernie Tatis
|
0-0: Ball 1-0: Ball 2-0: Foul Ball, location: 2F 2-1: Ball 3-1: Base on Balls
|
|
Batting: RHB Glenallen Hill
|
0-0: Ball Bernie Tatis is caught stealing 2nd base 2-4
|
| Top of the 7th over - 0 runs, 0 hits, 0 errors, 0 left on base; Bristol 5 - Covington 3 |
| BOTTOM OF THE 7TH |
|
Covington Blue Sox batting - Pitching for Bristol Bees : RHP Jack Hein
|
|
Batting: RHB Kenneth Bodle
|
0-0: Ball 1-0: Called Strike 1-1: Swinging Strike 1-2: Ball 2-2: Strikes out swinging
|
|
Batting: RHB Salvatore Favata
|
0-0: Swinging Strike 0-1: Ball 1-1: Ground out 6-3 (Groundball, 6MD, EV 103.8 MPH)
|
|
Batting: LHB Scott Hood
|
0-0: Ball 1-0: Swinging Strike 1-1: Called Strike 1-2: Ground out 5-3 (Groundball, 56, EV 100.0 MPH)
|
| Bottom of the 7th over - 0 runs, 0 hits, 0 errors, 0 left on base; Bristol 5 - Covington 3 |
| TOP OF THE 8TH |
|
Bristol Bees batting - Pitching for Covington Blue Sox : RHP Javier Landeros
|
|
Batting: RHB Glenallen Hill
|
0-0: Called Strike 0-1: Called Strike 0-2: Ball 1-2: Foul Ball, location: 2F 1-2: Foul Ball, location: 2F 1-2: Ball 2-2: Ball 3-2: Fly out, F7 (Flyball, 78D, EV 80.0 MPH)
|
|
Batting: RHB Juan Burgos
|
0-0: Ball 1-0: Ball 2-0: Ground out 4-3 (Groundball, 4, EV 87.5 MPH)
|
|
Batting: SHB Stan Jefferson
|
0-0: Foul Ball, location: 2F 0-1: Ground out 6-3 (Groundball, 6MS, EV 73.8 MPH)
|
| Top of the 8th over - 0 runs, 0 hits, 0 errors, 0 left on base; Bristol 5 - Covington 3 |
| BOTTOM OF THE 8TH |
|
Covington Blue Sox batting - Pitching for Bristol Bees : RHP Jack Hein
|
|
Batting: RHB Douglas Palmer
|
0-0: Ball 1-0: Ball 2-0: Ball 3-0: Called Strike 3-1: Foul Ball, location: 2F 3-2: Base on Balls
|
|
Batting: RHB John Halasz
|
0-0: Ball 1-0: Ball 2-0: Called Strike 2-1: SINGLE (Line Drive, 9LS, EV 101.3 MPH) Douglas Palmer to second
|
|
Batting: LHB Tito Nanni
|
0-0: Ball 1-0: Ball 2-0: Called Strike 2-1: Swinging Strike 2-2: Fielders Choice at 2nd, 4-6 (Groundball, 4, EV 81.3 MPH) Douglas Palmer to third
|
|
Batting: RHB Francisco Batista
|
0-0: SINGLE (Line Drive, 7S, EV 103.1 MPH) Douglas Palmer scores Tito Nanni to second Runner from 2nd tries for 3rd, SAFE, no throw by LF
|
|
Batting: RHB Reginald Dewar
|
0-0: Ball 1-0: Called Strike 1-1: Ball 2-1: Ball 3-1: Fly out, F3 (Popup, 23F, EV 90.0 MPH)
|
|
Pinch Hitting: LHB John Young
|
0-0: Ball 1-0: Foul Ball, location: 2F 1-1: Called Strike 1-2: Ball 2-2: Strikes out swinging
|
| Bottom of the 8th over - 1 run, 2 hits, 0 errors, 2 left on base; Bristol 5 - Covington 4 |
| TOP OF THE 9TH |
|
Bristol Bees batting - Pitching for Covington Blue Sox : RHP Javier Landeros
|
|
Pitching: RHP Joe Isaacs
|
|
|
Now at SS: Sam Haro
|
|
|
Batting: RHB Tracy Jones
|
0-0: Called Strike 0-1: Fly out, F8 (Flyball, 8LM, EV 98.1 MPH)
|
|
Batting: RHB Timothy Utecht
|
0-0: Called Strike 0-1: Foul Ball, location: 2F 0-2: Foul Ball, location: 2F 0-2: Foul Ball, location: 2F 0-2: Fly out, F8 (Flyball, 89M, EV 86.9 MPH)
|
|
Batting: LHB Joe Orsulak
|
0-0: Fly out, F5 (Popup, 56S, EV 70.0 MPH)
|
| Top of the 9th over - 0 runs, 0 hits, 0 errors, 0 left on base; Bristol 5 - Covington 4 |
| BOTTOM OF THE 9TH |
|
Covington Blue Sox batting - Pitching for Bristol Bees : RHP Jack Hein
|
|
Pitching: RHP Jose Cano
|
|
|
Now at 2B: Garry Harris
|
|
|
Batting: RHB Kenneth Bodle
|
0-0: Foul Ball, location: 2F 0-1: Fly out, F3 (Popup, 3SF, EV 76.3 MPH)
|
|
Batting: RHB Salvatore Favata
|
0-0: SINGLE (Line Drive, 9S, EV 90.6 MPH)
|
|
Batting: LHB Scott Hood
|
0-0: Foul Ball, location: 2F 0-1: Swinging Strike 0-2: Strikes out swinging
|
|
Batting: RHB Douglas Palmer
|
0-0: Ball 1-0: Called Strike 1-1: Swinging Strike 1-2: Foul Ball, location: 2F 1-2: Foul Ball, location: 2F 1-2: Ball 2-2: Ball 3-2: Base on Balls Salvatore Favata to second
|
|
Batting: RHB John Halasz
|
0-0: Ball 1-0: Ball 2-0: Called Strike 2-1: Swinging Strike 2-2: Foul Ball, location: 2F 2-2: Ball 3-2: Base on Balls Salvatore Favata to third Douglas Palmer to second
|
|
Batting: LHB Tito Nanni
|
0-0: Called Strike 0-1: Ball 1-1: Ball 2-1: Foul Ball, location: 2F 2-2: Ball 3-2: Foul Ball, location: 2F 3-2: Fly out, F3 (Line Drive, 3, EV 77.5 MPH)
|
| Bottom of the 9th over - 0 runs, 1 hit, 0 errors, 3 left on base; Bristol 5 - Covington 4 |
|